Map: Ultralove

Players

LigerMaNN - Winner!

  • Race: Zerg Zerg
  • League: Diamond
  • Spawn Location: 1:00

Ikaros

  • Race: Zerg Zerg
  • League: Diamond
  • Spawn Location: 7:00

VOD

Have the link to the VOD?

Description

Time

  • Played on: July 2, 2025, 11:05 p.m.
  • Length: 4:35
Show
View Real Time Build Order
Export as new Build Order

LigerMaNN Zerg - Winner!

Build Orders: Pool First 

Get SALT Encoding   

  12  0:01  Drone  
  13  0:12  Overlord  
  13  0:20  Drone  
  14  0:31  Drone x2  
  14  0:34  Drone  
  17  0:57  Spawning Pool  
  16  1:07  Hatchery  
  16  1:10  Drone  
  16  1:11  Drone  
  16  1:15  Drone  
  18  1:18  Extractor  
  18  1:23  Drone  
  18  1:32  Drone  
  19  1:43  Overlord  
  19  1:48  Queen  
  21  2:00  Zergling x2  
  22  2:08  Zergling x2  
  23  2:15  Zergling x2  
  24  2:19  Queen  
  24  2:22  Zergling x2  
  27  2:30  Zergling x2  
  27  2:31  Zergling x2  
  29  2:37  Metabolic Boost  
  29  2:41  Baneling Nest  
  29  2:43  Overlord x2  
  28  2:47  Zergling x2  
  29  3:05  Zergling x6  
  30  3:14  Zergling x8  
  34  3:24  Zergling x4  
  35  3:43  Zergling x6  
  34  3:59  Baneling x2  
  34  4:04  Baneling x2  
  34  4:05  Baneling  
  34  4:06  Baneling  
Show
View Real Time Build Order
Export as new Build Order

Ikaros Zerg 

Build Orders: 3 Hatch before Pool 

Get SALT Encoding   

  12  0:00  Drone  
  13  0:08  Drone  
  14  0:15  Extractor  
  14  0:16  Drone  
  14  0:22  Extractor  
  14  0:23  Drone  
  14  0:28  Overlord  
  16  0:55  Hatchery  
  15  1:10  Drone x3  
  18  1:25  Hatchery  
  17  1:34  Drone  
  17  1:39  Spawning Pool  
  17  1:40  Extractor  
  17  1:43  Extractor  
  15  1:49  Drone x2  
  17  1:56  Drone  
  18  2:07  Drone  
  18  2:08  Drone  
  20  2:16  Drone  
  21  2:27  Spine Crawler  
  21  2:31  Zergling x6  
  23  2:37  Drone, Evolution Chamber  
  23  2:38  Drone  
  24  2:45  Metabolic Boost  
  24  2:58  Roach Warren  
  24  3:02  Zergling x2  
  23  3:08  Zergling x4  
  24  3:16  Zergling x4  
  26  3:23  Zergling x6  
  25  3:34  Spine Crawler  
  21  3:51  Zergling x4  
  20  3:56  Zergling x2  
Tags
 
Add a new tag
Caveats
  • Supply blocks, unpowered buildings, or Contaminate may cause inaccurate times.
  • Supply counts are checked every 10 seconds.